 Dungeon Crawl Stone Soup version 0.32-a0-391-gce5c0aab1b (webtiles) character file.

Game seed: 17555519922708425397

2033 MrClown the Protected (level 9, -2/79 HPs)
             Began as a Minotaur Gladiator on Feb 19, 2024.
             Was an Initiate of the Shining One.
             Slain by a gnoll
             ... wielding a +0 spear
             ... led by a gnoll bouda
              (5 damage)
             ... on level 5 of the Dungeon.
             The game lasted 00:08:41 (4586 turns).

MrClown the Protected (Minotaur Gladiator)          Turns: 4586, Time: 00:08:42

Health: -2/79      AC:  8    Str: 19    XL:     9   Next: 3%
Magic:  8/8        EV: 13    Int:  7    God:    the Shining One [......]
Gold:   298        SH:  0    Dex: 16    Spells: 8/8 levels left

rFire   . . .        a - +1 long sword
rCold   . . .        (no shield)
rNeg    . . .        w - +0 scale mail
rPois   .            c - +0 hat
rElec   .            (no cloak)
rCorr   .            (no gloves)
SInv    .            (no boots)
Will    .....        i - amulet of magic regeneration Stlth
                     e - ring "Cid Wobish" {Fly Int+2}
HPRegen 0.33/turn    (no ring)
MPRegen 0.51/turn

%: no passive effects
@: flying, glowing
A: horns 2, retaliatory headbutt
a: Renounce Religion


You were on level 5 of the Dungeon.
You worshipped the Shining One.
The Shining One was noncommittal.
You visited 2 branches of the dungeon, and saw 6 of its levels.
You also visited: Ossuary.

You collected 326 gold pieces.
You spent 28 gold pieces at shops.

Inventory:

Hand Weapons
 a - a +1 long sword (weapon)
Missiles
 r - 3 throwing nets
 v - 5 boomerangs (quivered)
Armour
 b - a +0 leather armour
 c - a +0 hat (worn)
 w - a +0 scale mail (worn)
Jewellery
 e - the ring "Cid Wobish" (left hand) {Fly Int+2}
   (You found it on level 4 of the Dungeon)

   [ring of flight]

   Int+2:     It affects your intelligence (+2).
   Fly:       It grants you flight.
 i - an amulet of magic regeneration (around neck)
Wands
 d - a wand of flame (9)
 u - a wand of polymorph (3)
Scrolls
 h - 2 scrolls of enchant weapon
 j - 2 scrolls of immolation
 l - 2 scrolls of teleportation
 m - a scroll of poison {unknown}
 o - 2 scrolls of noise
 t - a scroll of summoning {unknown}
 x - 4 scrolls of fear
 y - a scroll of silence {unknown}
 B - 2 scrolls of identify
 G - a scroll of vulnerability {unknown}
Potions
 f - 3 potions of lignification
 g - a potion of might {unknown}
 k - a potion of cancellation {unknown}
 n - a potion of curing
 p - a potion of magic {unknown}
 q - 3 potions of invisibility {unknown}
 s - a potion of brilliance {unknown}
 z - 2 potions of degeneration
 A - 2 potions of haste {unknown}
 C - a potion of attraction {unknown}
 D - a potion of enlightenment {unknown}
 E - a potion of berserk rage {unknown}
 F - a potion of mutation {unknown}


   Skills:
 - Level 7.0 Fighting
 - Level 7.0 Long Blades
 - Level 2.0 Throwing
 - Level 8.0 Armour
 + Level 7.6 Dodging


You had 8 spell levels left.
You didn't know any spells.
Your spell library contained the following spells:

 Spells                   Type           Power      Damage    Failure   Level
 Apportation              Tloc           0%         N/A       77%         1
 Freeze                   Ice            0%         1d3       77%         1
 Necrotise                Necr           0%         1d4       77%         1
 Sting                    Conj/Alch      0%         1d3       77%         1
 Summon Small Mammal      Summ           0%         N/A       77%         1
 Frozen Ramparts          Ice            0%         1d1       98%         3
 Hailstorm                Conj/Ice       0%         3d5       98%         3


Dungeon Overview and Level Annotations

Branches:
Dungeon (5/15)             Temple (1/1) D:4         Ossuary (visited)

Altars:
Cheibriados
Dithmenos
Fedhas
Gozag
Hepliaklqana
Kikubaaqudgha
Makhleb
Nemelex Xobeh
Qazlal
Ru
Sif Muna
Trog
Uskayaw
Vehumet
Wu Jian
Xom
Yredelemnul
Zin
The Shining One

Shops:
D:2 ?   D:3 [


Innate Abilities, Weirdness & Mutations

You have a pair of horns on your head.
You reflexively headbutt those who attack you in melee.


Message History

The gnoll hits you from afar with a +0 spear.
* * * LOW HITPOINT WARNING * * *
The gnoll closely misses you.
You hit the jelly.
Your hands burn!
* * * LOW HITPOINT WARNING * * *
You headbutt the jelly!
The jelly is severely wounded.
The gnoll is no longer moving quickly.
The gnoll barely misses you. The gnoll closely misses you.
The jelly hits you but does no damage.
You hit the jelly.
Your hands burn!
* * * LOW HITPOINT WARNING * * *
You headbutt the jelly.
You kill the jelly!
The gnoll hits you from afar with a +0 spear.
* * * LOW HITPOINT WARNING * * *
The gnoll closely misses you.
Throw: javelin
Press: ? - help, Shift-Dir - straight line, f - gnoll
Aim: a gnoll, wielding a +0 spear (65% to hit)
You throw a javelin.
The javelin pierces through the gnoll but does no damage.
The javelin pierces through the gnoll!
The gnoll is severely wounded.
The gnoll hits you but does no damage. The gnoll barely misses you.
Unknown command.
The gnoll hits you from afar with a +0 spear.
* * * LOW HITPOINT WARNING * * *
The gnoll hits you with a +0 spear.
* * * LOW HITPOINT WARNING * * *
You hit the gnoll.
The gnoll is moderately wounded.
The gnoll closely misses you. The gnoll barely misses you.
You furiously retaliate!
You headbutt the gnoll!
You kill the gnoll!
Throw: 5 boomerangs
Press: ? - help, Shift-Dir - straight line, f/p - gnoll
Aim: a gnoll, wielding a +0 spear (severely wounded, 65% to hit)
You throw a boomerang. The boomerang closely misses the gnoll.
The gnoll hits you from afar with a +0 spear.
You die...

........#####...##..
...........###### ....
...........# .....
...........# .....#
...........# #....?##
..##.#.....# ##... ....
..##.#...#.####..#
.....
#....#......#...##....#
....##.#........@)g..(#
.#.....#......#.##...(#
##.##..###....#.†# ####
##.##.........##...#
...>...........####..#
............##..###
.P.#
..............>...# ..#
..>......#......### P.
.........#..#####


P You could see a gnoll.

Vanquished Creatures
  Pikel (D:4)
  Menkaure (D:4)
  An acid dragon (D:4)
  2 black bears
  Pargi (D:4)
  An ogre (D:5)
  3 scorpions (D:5)
  Dowan (D:4)
  2 hounds
  A jelly (D:5)
  A bullfrog zombie (Ossuary)
  A gnoll bouda (D:5)
  An iguana (D:5)
  A sleepcap (D:4)
  2 killer bee zombies (Ossuary)
  2 crocodile zombies (Ossuary)
  2 hound zombies (Ossuary)
  6 howler monkey zombies (Ossuary)
  7 mummies (Ossuary)
  8 gnolls
  An adder (D:4)
  2 ribbon worms (D:2)
  6 dart slugs
  6 orcs
  10 bats
  5 endoplasms
  5 giant cockroaches
  4 goblins
  6 hobgoblins
  3 quokkas
  14 ball pythons
  3 ball python zombies (Ossuary)
  A frilled lizard (D:1)
  4 kobolds
  5 rats
120 creatures vanquished.

Notes
Turn   | Place    | Note
-------+----------+-------------------------------------------
     0 | D:1      | MrClown the Minotaur Gladiator began the quest for the Orb.
     0 | D:1      | Reached XP level 1. HP: 18/18 MP: 0/0
    80 | D:1      | Reached XP level 2. HP: 21/25 MP: 1/1
   165 | D:1      | Found a faded altar of an unknown god.
   212 | D:1      | Reached skill level 5 in Long Blades
   262 | D:1      | Reached XP level 3. HP: 30/30 MP: 2/2
  1062 | D:2      | Reached XP level 4. HP: 33/37 MP: 3/3
  1083 | D:2      | Found Isuic's Magic Scroll Emporium.
  1123 | D:2      | Bought a scroll of identify for 28 gold pieces
  1515 | D:3      | Found a glowing silver altar of Zin.
  1603 | D:3      | Found Tax Olim's Armour Boutique.
  2110 | D:4      | Noticed Menkaure
  2123 | D:4      | Killed Menkaure
  2124 | D:4      | Reached XP level 5. HP: 18/47 MP: 4/4
  2278 | D:4      | Reached XP level 6. HP: 55/55 MP: 5/5
  2299 | D:4      | Reached skill level 5 in Fighting
  2336 | D:4      | Found a sand-covered staircase.
  2360 | Ossuary  | Entered an ossuary
  2637 | Ossuary  | Reached XP level 7. HP: 51/66 MP: 6/6
  2645 | Ossuary  | Reached skill level 1 in Armour
  2792 | Ossuary  | Reached skill level 2 in Armour
  2822 | Ossuary  | Reached skill level 3 in Armour
  2954 | Ossuary  | Reached skill level 4 in Armour
  3050 | D:4      | Noticed Pikel
  3066 | D:4      | Killed Pikel
  3067 | D:4      | Reached skill level 7 in Armour
  3067 | D:4      | Reached XP level 8. HP: 28/73 MP: 7/7
  3235 | D:4      | Noticed Pargi
  3243 | D:4      | Killed Pargi
  3244 | D:4      | Reached skill level 8 in Armour
  3271 | D:4      | Found a staircase to the Ecumenical Temple.
  3327 | Temple   | Entered the Ecumenical Temple
  3337 | Temple   | Became a worshipper of the Shining One
  3578 | D:4      | Noticed Duvessa
  3581 | D:4      | Duvessa changed into Duvessa the acid dragon
  3581 | D:4      | Noticed Duvessa
  3584 | D:4      | Noticed Dowan
  3597 | D:4      | Killed Duvessa the acid dragon
  3604 | D:4      | HP: 1/73 [Dowan/+0 dagger (5)]
  3612 | D:4      | Killed Dowan
  3613 | D:4      | Reached skill level 5 in Dodging
  3777 | D:4      | Identified the ring "Cid Wobish" {Fly Int+2}
  3816 | D:4      | Found a shimmering altar of Xom.
  4058 | D:5      | Entered Level 5 of the Dungeon
  4204 | D:5      | Found a shimmering blue altar of Sif Muna.
  4210 | D:5      | Found a sacrificial altar of Ru.
  4573 | D:5      | Reached XP level 9. HP: 44/79 MP: 8/8
  4584 | D:5      | HP: 2/79 [gnoll/+0 spear[a gnoll bouda] (5)]
  4586 | D:5      | Slain by a gnoll

Illustrated notes

Levels and vault maps discovered:
D:1:      roadster_arrival_rocket_small, layout_basic,
          ebering_ecumenical_altar_petrified
D:2:      layout_basic, serial_shops, shop_scrolls
D:3:      layout_basic, zin_academy, serial_shops, nicolae_shop_crystal,
          minivault_27
D:4:      layout_gridville, mainiacjoe_overflow_alcove_2, temple_pool_b,
          nicolae_ossuary_entry_ruins, uniq_pikel, uniq_pargi, uniq_duvessa,
          uniq_menkaure
D:5:      old_forge, layout_rooms, amethyst_overflow_temple_binary
Temple:   nicolae_temple_no_exploring_needed

Skill      XL: |  1  2  3  4  5  6  7  8 |
---------------+-------------------------+-----
Long Blades    | 4 5 6 7 |  7.0
Fighting       | 4 7 |  7.0
Armour         | 7 8 |  8.0
Dodging        | 7 |  7.6
Throwing       | |  2.0

Action                     |  1- 3 |  4- 6 |  7- 9 || total
---------------------------+-------+-------+-------++-------
  Melee: Long sword        |    75 |   110 |   165 ||   350
         Headbutt          |    12 |    16 |    37 ||    65
  Throw: Throwing net      |       |       |     3 ||     3
         Javelin           |       |       |     2 ||     2
         Boomerang         |       |       |     1 ||     1
  Evoke: Wand              |       |       |     4 ||     4
    Use: Scroll            |       |     4 |     5 ||     9
         Potion            |       |       |     4 ||     4
   Stab: Sleeping          |     1 |       |       ||     1
 Armour: Leather armour    |    44 |    21 |       ||    65
         Scale mail        |       |    55 |   165 ||   220
  Dodge: Dodged            |    58 |    62 |   138 ||   258

Table legend: (Time is in decaauts)
 A = Elapsed time spent in this place.
 B = Non-inter-level travel time spent in this place.
 C = Inter-level travel time spent in this place.
 D = Time resting spent in this place.
 E = Time spent auto-exploring this place.
 F = Levels seen in this place.
 G = Mean time per level.
                   A        B        C        D        E       F      G
               +--------+--------+--------+--------+--------+-----+--------+
         Total |   4631 |   4422 |    209 |    108 |   3379 |   7 |  661.6 |
       Dungeon |   3939 |   3738 |    201 |      0 |   3018 |   5 |  787.8 |
        Temple |     19 |     11 |      8 |      0 |      0 |   1 |   19.0 |
       Ossuary |    672 |    672 |      0 |    108 |    360 |   1 |  672.0 |
               +--------+--------+--------+--------+--------+-----+--------+

Top non-repeatable levels by time:
     D:4: 1299 daAuts
     D:1: 870 daAuts
 Ossuary: 672 daAuts
     D:3: 634 daAuts
     D:2: 603 daAuts
     D:5: 531 daAuts
  Temple: 19 daAuts
